Map: Kairos Junction LE

Players

Elazer

  • Race: Zerg Zerg
  • Spawn Location: 11:00

Hellraiser - Winner!

  • Race: Protoss Protoss
  • Spawn Location: 5:00

Event: 2019 WCS Summer

VOD

Have the link to the VOD?

Description

Time

  • Played on: July 13, 2019, 10:30 a.m.
  • Length: 5:08

All games in this series

Show
View Real Time Build Order
Export as new Build Order

Elazer Zerg 

Build Orders: Hatch First, Ravager All-In 

Get SALT Encoding   

  12  0:00  Drone  
  13  0:12  Overlord  
  13  0:16  Drone  
  14  0:30  Drone x2  
  16  0:48  Hatchery  
  15  0:51  Drone  
  15  0:55  Drone  
  17  0:58  Drone  
  18  1:09  Extractor  
  17  1:22  Spawning Pool  
  16  1:26  Drone x2  
  18  1:34  Drone  
  19  1:40  Drone  
  20  1:50  Drone  
  20  2:08  Queen  
  20  2:10  Zergling x2, Roach Warren  
  22  2:20  Drone, Extractor  
  22  2:27  Drone  
  22  2:28  Drone  
  24  2:35  Overlord  
  24  2:46  Queen  
  24  2:50  Roach  
  28  2:53  Overlord  
  28  2:56  Roach  
  30  3:01  Roach  
  32  3:09  Roach  
  32  3:10  Ravager  
  35  3:17  Roach  
  37  3:22  Queen  
  37  3:26  Ravager  
  40  3:38  Roach  
  40  3:40  Queen  
  43  4:06  Overlord  
  43  4:08  Spore Crawler  
  43  4:09  Queen, Spore Crawler  
  43  4:19  Ravager  
  43  4:20  Ravager  
  45  4:29  Roach x3  
  47  4:38  Roach x2  
  52  4:54  Ravager x2  
Show
View Real Time Build Order
Export as new Build Order

Hellraiser Protoss - Winner!

Build Orders:  

Get SALT Encoding   

  12  0:01  Probe  
  13  0:13  Probe  
  14  0:17  Pylon  
  14  0:21  Probe  
  15  0:31  Probe  
  16  0:37  Gateway  
  16  0:41  Probe  
  17  0:51  Forge  
  17  0:55  Probe  
  18  1:07  Probe  
  19  1:14  Pylon  
  19  1:16  Assimilator  
  20  1:27  Cybernetics Core  
  19  1:33  Photon Cannon  
  19  1:37  Pylon  
  19  1:45  Pylon  
  20  1:51  Pylon  
  20  1:53  Probe  
  20  2:05  Probe  
  20  2:08  Assimilator  
  21  2:09  Photon Cannon  
  21  2:26  Adept  
  21  2:27  Robotics Facility  
  21  2:28  Shield Battery  
  24  2:40  Shield Battery  
  24  2:43  Probe  
  24  3:01  Immortal  
  24  3:07  Pylon  
  28  3:22  Photon Cannon  
  27  3:36  Shield Battery, Immortal  
  30  3:53  Shield Battery  
  30  4:04  Shield Battery  
  30  4:06  Immortal  
  34  4:23  Shield Battery  
  34  4:28  Shield Battery  
  34  4:36  Shield Battery  
  34  4:39  Shield Battery  
  34  4:44  Probe  
  37  4:57  Shield Battery  
Tags
 
Add a new tag
Caveats
  • Supply blocks, unpowered buildings, or Contaminate may cause inaccurate times.
  • Supply counts are checked every 10 seconds.